 Dungeon Crawl Stone Soup version 0.22.1-2-g9c5b331 (webtiles) character file.

509 Harpaggios the Changer (level 7, -1/52 HPs)
             Began as a Merfolk Transmuter on Dec 30, 2018.
             Was an Initiate of Qazlal.
             Slain by a sky beast (6 damage)
             ... on level 4 of the Dungeon.
             The game lasted 00:23:21 (5865 turns).

Harpaggios the Changer (Merfolk Transmuter)         Turns: 5865, Time: 00:23:21

Health: -1/52      AC:  2    Str: 11    XL:     7   Next: 19%
Magic:  10/10      EV: 15    Int: 14    God:    Qazlal [......]
Gold:   239        SH:  0    Dex: 14    Spells: 4/10 levels left

rFire    . . .     SeeInvis .     - Unarmed
rCold    . . .     Gourm    +   (no shield)
rNeg     . . .     Faith    .   b - +0 robe
rPois    .         Spirit   .   (no helmet)
rElec    .         Reflect  .   (no cloak)
rCorr    .         Harm     .   (no gloves)
MR       .....                  (no boots)
Stlth    +.........             f - amulet of the gourmand
HPRegen  0.17/turn              (no ring)
MPRegen  0.12/turn              (no ring)

@: no status effects
A: change form in water, swift swim, stealthy swim
a: Renounce Religion


You were on level 4 of the Dungeon.
You worshipped Qazlal.
Qazlal was noncommittal.
You were very full.

You visited 1 branch of the dungeon, and saw 5 of its levels.

You collected 239 gold pieces.

Inventory:

Missiles
 a - 67 arrows
 l - 5 tomahawks (quivered)
Armour
 b - a +0 robe (worn)
Jewellery
 f - an amulet of the gourmand (around neck)
Scrolls
 c - a scroll of amnesia
 g - a scroll of teleportation
 k - 7 scrolls of remove curse
Potions
 e - 4 potions of flight
 i - 2 potions of heal wounds
 j - a potion of invisibility
 m - a potion of ambrosia
Comestibles
 d - 9 rations


   Skills:
 + Level 3.6 Fighting
 + Level 5.0 Dodging
 + Level 4.8 Unarmed Combat
 - Level 2.0 Spellcasting
 * Level 6.6 Transmutations


You had 4 spell levels left.
You knew the following spells:

 Your Spells              Type           Power        Failure   Level  Hunger
a - Beastly Appendage     Tmut           ###...       1%          1    ##.....
b - Sticks to Snakes      Tmut           ###.....     2%          2    ###....
c - Spider Form           Tmut/Pois      ##........   19%         3    ####...

Your spell library contained the following spells:

 Spells                   Type           Power        Failure   Level  Hunger
 Magic Dart               Conj           #...         24%         1    ##.....
 Blink                    Tloc           N/A          34%         2    ###....
 Call Imp                 Summ           #.......     34%         2    ###....
 Slow                     Hex            #.......     34%         2    ###....
 Ice Form                 Ice/Tmut       ##......     52%         4    #####..
 Conjure Flame            Conj/Fire      #.......     56%         3    ####...
 Mephitic Cloud           Conj/Pois/Air  #.......     56%         3    ####...
 Blade Hands              Tmut           ###.......   41%         5    ######.


Dungeon Overview and Level Annotations

Branches:
Dungeon (5/15)             Temple (0/1) D:4

Altars:
Qazlal
Yredelemnul

Annotations:
D:5 Menkaure


Message History

The sky beast is severely wounded.
The sky beast misses you.
You hit the sky beast.
The sky beast is almost dead.
The sky beast closely misses you.
You barely miss the sky beast. Your punch misses the sky beast.
The sky beast is almost dead.
The sky beast hits you.
* * * LOW HITPOINT WARNING * * *
The sky beast shocks you.
* * * LOW HITPOINT WARNING * * *
You miss the sky beast.
The sky beast is almost dead.
The sky beast barely misses you.
You hit the sky beast but do no damage.
The sky beast is almost dead.
The sky beast hits you.
* * * LOW HITPOINT WARNING * * *
The sky beast shocks you.
You die...

...##......(...)).(.......#...##
............###.#.......#######
...###.....####.#.......# ...#
##...## #..#.......# #### #####
#.##.......# # ####.#####.####
##### #..........# ###...###
#.....Y....#
........###.....@<...#
....###....<.........#
...........##.######.#
##.........#..# #..#
##.........#..# #.##
#.............# #.#
..............# #.#
..............# #.#
.#.........##.#####.##


You could see a sky beast.

Vanquished Creatures
  An ogre (D:5)
  A howler monkey (D:4)
  A hound (D:4)
  2 orc wizards (D:3)
  Ijyb (D:4)
  An iguana (D:4)
  A worker ant (D:3)
  5 adders
  2 adder skeletons
  2 worms (D:2)
  2 dart slugs
  4 leopard geckos
  14 orcs
  11 bats
  4 giant cockroaches
  4 goblins
  8 hobgoblins
  4 jackals
  A quokka (D:4)
  2 ball pythons
  4 frilled lizards
  5 kobolds
  9 rats
89 creatures vanquished.

Vanquished Creatures (collateral kills)
  An ogre (D:5)
  An adder (D:2)
  3 orcs (D:5)
5 creatures vanquished.

Grand Total: 94 creatures vanquished

Notes
Turn   | Place    | Note
-------+----------+-------------------------------------------
     0 | D:1      | Harpaggios the Merfolk Transmuter began the quest for the
                  | Orb.
     0 | D:1      | Reached XP level 1. HP: 15/15 MP: 3/3
   149 | D:1      | Reached skill level 3 in Transmutations
   299 | D:1      | Reached XP level 2. HP: 20/21 MP: 5/5
   965 | D:1      | Reached XP level 3. HP: 24/26 MP: 4/6
  1363 | D:2      | Learned a level 2 spell: Sticks to Snakes
  1783 | D:2      | Reached skill level 4 in Transmutations
  2046 | D:2      | Reached XP level 4. HP: 14/33 MP: 7/7
  2956 | D:3      | Noticed a water elemental
  2974 | D:3      | Noticed a fire elemental
  2976 | D:3      | Found a stormy altar of Qazlal.
  2978 | D:3      | Noticed an air elemental
  2978 | D:3      | Noticed an earth elemental
  2983 | D:3      | Became a worshipper of Qazlal Stormbringer
  3161 | D:3      | Reached XP level 5. HP: 35/39 MP: 6/8
  3743 | D:3      | Reached skill level 5 in Transmutations
  3760 | D:3      | HP: 2/58 [poisoned by a worker ant]
  3766 | D:3      | HP: 1/58 [poisoned by a worker ant]
  3774 | D:3      | HP: 1/58 [poisoned by a worker ant]
  4153 | D:3      | Reached XP level 6. HP: 4/46 MP: 1/9
  4775 | D:4      | Noticed Ijyb
  4836 | D:4      | Killed Ijyb
  5068 | D:4      | Found a staircase to the Ecumenical Temple.
  5238 | D:4      | Found a basalt altar of Yredelemnul.
  5354 | D:5      | Entered Level 5 of the Dungeon
  5422 | D:5      | Learned a level 3 spell: Spider Form
  5445 | D:5      | Reached skill level 6 in Transmutations
  5511 | D:5      | Reached XP level 7. HP: 14/52 MP: 6/10
  5556 | D:4      | Reached skill level 5 in Dodging
  5845 | D:5      | Noticed Menkaure
  5865 | D:4      | Slain by a sky beast

Skill      XL: |  1  2  3  4  5  6  7 |
---------------+----------------------+-----
Transmutations | 3 4 5 6 |  6.6
Dodging        | 3 4 5 |  5.0
Fighting       | 2 3 |  3.6
Unarmed Combat | 4 |  4.8
Spellcasting   | |  2.0

Action                   |  1- 3 |  4- 6 |  7- 9 || total
-------------------------+-------+-------+-------++-------
Melee: Unarmed           |   136 |   227 |    31 ||   394
       Headbutt          |    14 |    24 |     1 ||    39
       Punch             |     2 |     5 |       ||     7
Throw: Tomahawk          |       |       |     2 ||     2
 Cast: Beastly Appendage |    25 |    18 |     1 ||    44
       Sticks to Snakes  |     1 |     9 |     5 ||    15
  Use: Scroll            |     5 |     3 |       ||     8
       Potion            |     3 |     4 |     1 ||     8
 Stab: Sleeping          |       |     1 |       ||     1
  Eat: Chunk             |     4 |    22 |       ||    26
Armor: Robe              |    28 |    23 |     4 ||    55
       Skin              |       |     5 |       ||     5
Dodge: Dodged            |    92 |   138 |    26 ||   256
Block: Buckler           |       |     3 |       ||     3
